 Dungeon Crawl Stone Soup version 0.30.0-29-ga12c61a403 (webtiles) character file.

Game seed: 183895814436349174

590 qw the Chopper (level 7, -4/44 HPs)
             Began as a Gargoyle Fighter on June 5, 2023.
             Slain by Duvessa
             ... wielding a +0 short sword
              (8 damage)
             ... on level 4 of the Dungeon.
             The game lasted 00:01:42 (3355 turns).

qw the Chopper (Gargoyle Fighter)                   Turns: 3355, Time: 00:01:43

Health: -4/44      AC: 11    Str: 21    XL:     7   Next: 39%
Magic:  7/7        EV: 14    Int:  9    God:
Gold:   197        SH:  4    Dex:  9    Spells: 6/6 levels left

rFire   . . .        Y - +0 war axe
rCold   . . .        c - +0 buckler
rNeg    + . .        b - +0 scale mail
rPois   inf          (no helmet)
rElec   +            (no cloak)
rCorr   .            (no gloves)
SInv    .            (no boots)
Will    .....        a - amulet of faith Stlth
                     p - +5 ring of evasion
HPRegen 0.27/turn    (no ring)
MPRegen 0.10/turn

%: faith
@: lit by a corona, glowing
A: sickness immunity, AC +4, negative energy resistance 1, electricity
resistance, torment resistance 1, petrification resistance
a: no special abilities


You were on level 4 of the Dungeon.
You visited 1 branch of the dungeon, and saw 4 of its levels.

You collected 197 gold pieces.


Innate Abilities, Weirdness & Mutations

You are immune to sickness and miasma.
Your stone body is resilient. (AC +4)
You are immune to poison.
You resist negative energy. (rN+)
You are resistant to electric shocks. (rElec)
You are resistant to unholy torment.
You are immune to petrification.


   Skills:
 - Level 4.3 Fighting
 + Level 6.7 Axes
 - Level 3.2 Armour
 - Level 1.0 Dodging
 - Level 3.2 Shields


You had 6 spell levels left.
You didn't know any spells.
Your spell library was empty.

Inventory:

Hand Weapons
 h - a +0 flail
 Y - a +0 war axe (weapon)
Armour
 b - a +0 scale mail (worn)
 c - a +0 buckler (worn)
Jewellery
 a - an amulet of faith (around neck)
 p - a +5 ring of evasion (left hand)
Scrolls
 i - a scroll of identify
Potions
 d - 2 potions of might
 e - a potion of magic
 f - a potion of resistance
 g - a potion of haste {unknown}
 j - a potion of invisibility {unknown}
 k - a potion of cancellation
 l - a potion of lignification
 m - a potion of berserk rage {unknown}
 n - 2 potions of curing
 o - a potion of heal wounds {unknown}

Dungeon Overview and Level Annotations

Branches:
Dungeon (4/15)
 Temple: D:4-7

Altars:
Uskayaw

Shops:
D:1 ([   D:2 (

Annotations:
D:4 Duvessa


Message History

You barely miss the gnoll. The gnoll hits you with a +0 spear.
The gnoll closely misses you.
You closely miss the gnoll.
The gnoll is severely wounded.
You hit the gnoll but do no damage. The gnoll hits you but does no damage.
The gnoll barely misses you. The gnoll closely misses you.
You block the gnoll's attack. The gnoll closely misses you.
You slash the gnoll!
You kill the gnoll!
You slash the gnoll! The gnoll completely misses you.
Duvessa hits you but does no damage. The gnoll closely misses you.
You hit the gnoll.
The gnoll is severely wounded.
You hit Duvessa. Duvessa hits you but does no damage.
The gnoll hits you from afar with a +0 halberd.
Duvessa hits you with a +0 short sword!
You closely miss the gnoll.
The gnoll is severely wounded.
You hit Duvessa. You block Duvessa's attack. The gnoll barely misses you.
The gnoll hits you from afar with a +0 halberd.
You slash the gnoll!
You kill the gnoll!
You hit Duvessa. Duvessa hits you but does no damage.
The gnoll hits you from afar with a +0 halberd.
Duvessa closely misses you.
You hit Duvessa but do no damage.
Duvessa is moderately wounded.
You hit the dart slug but do no damage. Duvessa barely misses you.
The gnoll hits you but does no damage. The dart slug closely misses you.
Duvessa misses you.
You hit Duvessa.
Duvessa is moderately wounded.
You hit the dart slug. The gnoll closely misses you.
Duvessa hits you with a +0 short sword!
You die...

. ##. .##. .... .. ..###..
.... ....##. ....... ##..#
....... ##......####....
....... ...#.#..#<....##
..... .....#......#...
.gw#....#..###.##...
#we....#.## #####..
#@%...... ##... ##......##
.#.... #.......# #........
#######..#...###........
###.##....................
##.........................
#.........###...###........
##..##...####..........###.
##.#....#.##...#..........


You could see Duvessa (berserk), a worm, a gnoll and a dart slug.

Vanquished Creatures
  Pargi (D:4)
  An ogre (D:4)
  Blork the orc (D:4)
  A scorpion (D:4)
  Dowan (D:4)
  A hound (D:4)
  Natasha (thrice) (D:2)
  6 gnolls
  2 adders
  A worm (D:2)
  2 dart slugs
  2 bats
  8 endoplasms
  5 giant cockroaches
  4 goblins
  7 hobgoblins
  6 kobolds
  3 quokkas
  5 ball pythons
  3 frilled lizards
  6 rats
69 creatures vanquished.

Notes
Turn   | Place    | Note
-------+----------+-------------------------------------------
     0 | D:1      | qw the Gargoyle Fighter began the quest for the Orb.
     0 | D:1      | Reached XP level 1. HP: 14/14 MP: 1/1
     0 | D:1      | 0 ||| qw: Version: 0.2-a-108-gee2c290
     0 | D:1      | 0 ||| qw: Game counter: 1325
     0 | D:1      | 0 ||| qw: Always use a shield: true
     0 | D:1      | 0 ||| qw: God list: Okawaru
     0 | D:1      | 0 ||| qw: Allow faded altars: false
     0 | D:1      | 0 ||| qw: Do Orc after D:15 true
     0 | D:1      | 0 ||| qw: Do second Lair branch before Depths: true
     0 | D:1      | 0 ||| qw: Lair rune preference: random
     0 | D:1      | 0 ||| qw: Plans: Normal, Zot:1-4, Slime:5, God:TSO, Crypt,
                  | Tomb, Abyss, Pan, Hells, Win
     0 | D:1      | 0 ||| PLANNING D:1-11
    75 | D:1      | Found Muxzolo's Armour Shop.
    80 | D:1      | 80 ||| SHOPLISTING +0 chain mail (49 gold, have 0).
    80 | D:1      | 80 ||| SHOPLISTING +0 cloak (49 gold, have 0).
    80 | D:1      | 80 ||| SHOPLISTING +0 helmet (49 gold, have 0).
   102 | D:1      | Reached skill level 2 in Axes
   155 | D:1      | Reached XP level 2. HP: 19/19 MP: 2/2
   300 | D:1      | 300 ||| DROPPING +0 club.
   308 | D:1      | Found Doirghihu's Antique Weapon Boutique.
   544 | D:1      | Reached skill level 3 in Axes
   679 | D:1      | Reached XP level 3. HP: 23/23 MP: 3/3
   870 | D:1      | 870 ||| DROPPING +6 ring of intelligence.
   871 | D:1      | 871 ||| READING scroll labelled PAYRCH PAITHAUX.
   872 | D:1      | 872 ||| READING 2 scrolls labelled NONWAOKKAEBB.
   873 | D:1      | 873 ||| DROPPING scroll of immolation.
  1060 | D:2      | Found Qoaqau's Weapon Boutique.
  1089 | D:2      | Noticed Natasha
  1097 | D:2      | Killed Natasha
  1098 | D:2      | Reached XP level 4. HP: 28/28 MP: 4/4
  1108 | D:2      | 1108 ||| Stepping ~*~*~tactically~*~*~ (hiding).
  1114 | D:2      | Reached skill level 4 in Axes
  1267 | D:2      | 1267 ||| Stepping ~*~*~tactically~*~*~ (stealth).
  1269 | D:2      | 1269 ||| Stepping ~*~*~tactically~*~*~ (stealth).
  1271 | D:2      | 1271 ||| Stepping ~*~*~tactically~*~*~ (stealth).
  1278 | D:2      | 1278 ||| FLEEEEING.
  1279 | D:2      | 1279 ||| FLEEEEING.
  1280 | D:2      | 1280 ||| FLEEEEING.
  1281 | D:2      | 1281 ||| FLEEEEING.
  1282 | D:2      | 1282 ||| FLEEEEING.
  1283 | D:2      | 1283 ||| FLEEEEING.
  1284 | D:2      | 1284 ||| FLEEEEING.
  1285 | D:2      | 1285 ||| FLEEEEING.
  1286 | D:2      | 1286 ||| FLEEEEING.
  1287 | D:2      | 1287 ||| FLEEEEING.
  1288 | D:2      | 1288 ||| FLEEEEING.
  1289 | D:2      | 1289 ||| FLEEEEING.
  1290 | D:2      | 1290 ||| FLEEEEING.
  1334 | D:2      | Noticed Natasha
  1335 | D:2      | 1335 ||| Stepping ~*~*~tactically~*~*~ (hiding).
  1336 | D:2      | 1336 ||| Stepping ~*~*~tactically~*~*~ (hiding).
  1344 | D:2      | HP: 6/28 [Natasha (2)]
  1346 | D:2      | HP: 2/28 [Natasha (2)]
  1347 | D:2      | Killed Natasha
  1472 | D:2      | 1472 ||| Stepping ~*~*~tactically~*~*~ (hiding).
  1544 | D:2      | 1544 ||| DROPPING +1 mace of protection.
  1634 | D:2      | Noticed Natasha
  1636 | D:2      | 1636 ||| Stepping ~*~*~tactically~*~*~ (hiding).
  1643 | D:2      | Killed Natasha
  1644 | D:2      | Reached XP level 5. HP: 20/32 MP: 5/5
  1747 | D:2      | 1747 ||| DROPPING scarf of invisibility.
  1748 | D:2      | 1748 ||| READING scroll labelled RARIRY PIASA.
  1749 | D:2      | 1749 ||| READING scroll labelled JUAWOX ISKA.
  1750 | D:2      | 1750 ||| DRINKING 2 metallic red potions.
  1862 | D:3      | Found a hide-covered altar of Uskayaw.
  1943 | D:3      | You fall into a shaft and drop 1 floor!
  1962 | D:4      | Noticed Pargi
  1980 | D:4      | HP: 4/32 [Pargi (6)]
  1981 | D:4      | HP: 1/32 [Pargi (4)]
  1983 | D:4      | Killed Pargi
  1984 | D:4      | Reached skill level 5 in Axes
  1984 | D:4      | Reached XP level 6. HP: 2/37 MP: 6/6
  2263 | D:4      | 2263 ||| READING scroll labelled ARGHUER OLATO.
  2267 | D:4      | 2267 ||| DRINKING 2 ruby potions.
  2268 | D:4      | 2268 ||| DRINKING 2 yellow potions.
  2269 | D:4      | 2269 ||| READING 2 scrolls of identify.
  2269 | D:4      | 2269 ||| IDENTIFYING pink potion
  2270 | D:4      | 2270 ||| Stepping ~*~*~tactically~*~*~ (stealth).
  2272 | D:4      | 2272 ||| Stepping ~*~*~tactically~*~*~ (stealth).
  2274 | D:4      | 2274 ||| FLEEEEING.
  2275 | D:4      | 2275 ||| STAIRDANCE
  2277 | D:4      | 2277 ||| STAIRDANCE
  2316 | D:3      | 2316 ||| Stepping ~*~*~tactically~*~*~ (stealth).
  2317 | D:3      | 2317 ||| Stepping ~*~*~tactically~*~*~ (stealth).
  2772 | D:3      | Reached skill level 1 in Dodging
  2990 | D:3      | 2990 ||| UPGRADING to amulet of faith.
  2995 | D:3      | 2995 ||| UPGRADING to +5 ring of evasion.
  2996 | D:3      | 2996 ||| READING scroll labelled WEAJ BUUSMEN.
  2997 | D:3      | 2997 ||| DRINKING 2 fizzy green potions.
  2998 | D:3      | 2998 ||| READING 2 scrolls of identify.
  2998 | D:3      | 2998 ||| IDENTIFYING bubbling black potion
  2999 | D:3      | 2999 ||| DROPPING potion of ambrosia.
  3091 | D:4      | Reached skill level 6 in Axes
  3091 | D:4      | Reached XP level 7. HP: 36/44 MP: 7/7
  3133 | D:4      | Noticed Blork the orc
  3137 | D:4      | Killed Blork the orc
  3139 | D:4      | 3139 ||| Stepping ~*~*~tactically~*~*~ (stealth).
  3140 | D:4      | 3140 ||| Stepping ~*~*~tactically~*~*~ (stealth).
  3323 | D:4      | Noticed Dowan
  3324 | D:4      | 3324 ||| Stepping ~*~*~tactically~*~*~ (hiding).
  3337 | D:4      | Noticed Duvessa
  3341 | D:4      | Killed Dowan
  3351 | D:4      | HP: 10/44 [Duvessa/+0 short sword (7)]
  3353 | D:4      | HP: 3/44 [gnoll/+0 halberd (5)]
  3355 | D:4      | Slain by Duvessa

Levels and vault maps discovered:
D:1:      dpeg_arrival_orchard, layout_basic, serial_shops,
          nicolae_shop_hallway_plus, shop
D:2:      layout_basic, serial_shops, shop, uniq_natasha
D:3:      layout_basic, eat_drink_and_be_merry_uskayaw
D:4:      layout_cave_pools, uniq_blork_the_orc, uniq_pargi, uniq_duvessa

Skill      XL: |  1  2  3  4  5  6 |
---------------+-------------------+-----
Axes           | 2 3 4 5 6 |  6.7
Fighting       | 4 |  4.3
Dodging        | 1 |  1.0
Armour         | |  3.2
Shields        | |  3.2

Action                     |  1- 3 |  4- 6 |  7- 9 || total
---------------------------+-------+-------+-------++-------
  Melee: War axe           |    93 |   121 |    37 ||   251
    Use: Scroll            |     2 |     6 |       ||     8
         Potion            |       |     4 |       ||     4
 Armour: Scale mail        |    50 |    62 |    21 ||   133
  Dodge: Dodged            |    42 |    83 |    31 ||   156
  Block: Buckler           |    21 |    15 |    12 ||    48

Table legend:
 A = Non-vault XP
 B = Vault XP
 C = Vault XP percentage of total XP
 D = Non-vault monster count
 E = Vault monster count
 F = Vault count percentage of total count
                 A         B        C        D         E       F
            +---------+---------+-------+---------+---------+-------
      Total |     514 |     330 |  39.1 |      65 |       4 |   5.8
            +---------+---------+-------+---------+---------+-------
        D:1 |      34 |       0 |   0.0 |      21 |       0 |   0.0
        D:2 |     118 |      36 |  23.4 |      20 |       1 |   4.8
        D:3 |      57 |       0 |   0.0 |      10 |       0 |   0.0
        D:4 |     305 |     294 |  49.1 |      14 |       3 |  17.6
            +---------+---------+-------+---------+---------+-------
